 Dungeon Crawl Stone Soup version 0.25-a0-185-g6cfeca75b2 (webtiles) character file.

Game seed: 2832955642958926423, levelgen mode: deterministic

557 sankara the Ruffian (level 7, -1/58 HPs)
             Began as a Minotaur Transmuter on Nov 27, 2019.
             Was an Initiate of Okawaru.
             Shot with an arrow by a centaur (9 damage)
             ... on level 5 of the Dungeon.
             The game lasted 00:30:32 (5169 turns).

sankara the Ruffian (Minotaur Transmuter)           Turns: 5169, Time: 00:30:33

Health: -1/58      AC:  9    Str: 16    XL:     7   Next: 9%
Magic:  2/8        EV: 11    Int: 10    God:    Okawaru [......]
Gold:   198        SH:  0    Dex: 11    Spells: 5/8 levels left

rFire    . . .     SeeInvis +     - Unarmed
rCold    + . .     Gourm    .   (no shield)
rNeg     + . .     Faith    .   H - +1 ring mail {rN+}
rPois    +         Spirit   .   (helmet restricted)
rElec    .         Reflect  .   i - +1 cloak
rCorr    .         Harm     .   (no gloves)
MR       .....                  (no boots)
Stlth    +.........             (no amulet)
HPRegen  0.19/turn              u - ring of see invisible {sInv, !d}
MPRegen  0.11/turn              (no ring)

@: no status effects
A: retaliatory headbutt, horns 2, rugged brown scales 1, cold resistance 1,
poison resistance
a: Renounce Religion


You were on level 5 of the Dungeon.
You worshipped Okawaru.
Okawaru was noncommittal.
You were not hungry.

You visited 2 branches of the dungeon, and saw 6 of its levels.
You also visited: Sewer.

You collected 198 gold pieces.

Inventory:

Hand Weapons
 t - a +1 flail of protection
   (You took it off an orc on level 4 of the Dungeon)
 w - a +1 dagger of speed
   (You took it off an orc wizard on level 3 of the Dungeon)
Missiles
 a - 49 arrows
 c - 150 stones (quivered)
 l - 77 sling bullets
 p - 6 poisoned darts
 A - 5 boomerangs
Armour
 i - a +1 cloak (worn)
   (You found it on level 1 of the Dungeon)
 o - a +0 plate armour
   (You found it on level 1 of the Dungeon)
 D - a +0 buckler
   (You found it on level 4 of the Dungeon)
 G - the +0 chain mail "Nuunilor" {rElec rN+ SInv}
   (You found it on level 5 of the Dungeon)

   It insulates you from electricity.
   It protects you from negative energy.
   It lets you see invisible.
 H - a +1 ring mail of positive energy (worn)
   (You found it on level 5 of the Dungeon)
Jewellery
 g - an uncursed ring of fire {rF+, rC-}
   (You found it on level 1 of the Dungeon)
 u - a ring of see invisible (left hand) {sInv, !d}
   (You found it on level 2 of the Dungeon)
Scrolls
 b - a scroll of enchant weapon
 f - 4 scrolls of remove curse
 j - a scroll of noise {!r}
 E - a scroll of amnesia {unknown}
Potions
 h - 3 potions of flight
 k - a potion of resistance {unknown}
 n - 2 potions of degeneration {unknown}
 s - 2 potions of brilliance
 v - 5 potions of curing
 x - a potion of heal wounds {unknown}
Comestibles
 d - 10 rations
 C - 10 chunks of flesh {@w0}


   Skills:
 - Level 3.2 Fighting
 + Level 3.3 Armour
 - Level 2.1 Dodging
 * Level 6.6 Unarmed Combat
 - Level 1.3 Spellcasting
 + Level 3.3 Transmutations


You had 5 spell levels left.
You knew the following spells:

 Your Spells              Type           Power        Failure   Level  Hunger
a - Beastly Appendage     Tmut           #.....       16%         1    ##.....
b - Sticks to Snakes      Tmut           #.......     24%         2    ###....

Your spell library contained the following spells:

 Spells                   Type           Power        Failure   Level  Hunger
 Spider Form              Tmut/Pois      #.........   67%         3    ####...
 Ice Form                 Ice/Tmut       #.......     97%         4    #####..
 Blade Hands              Tmut           #.........   99%         5    ######.


Dungeon Overview and Level Annotations

Branches:
Dungeon (5/15)             Temple (1/1) D:5           Sewer (visited)

Altars:
Ashenzari
Cheibriados
Dithmenos
Elyvilon
Fedhas
Gozag
Hepliaklqana
Kikubaaqudgha
Makhleb
Nemelex Xobeh
Okawaru
Ru
Uskayaw
Vehumet
Wu Jian
Xom
Yredelemnul
Zin

Annotations:
D:3 Grinder
D:4 1 runed translucent door, Menkaure; vurker's ghost, novice OpAE


Innate Abilities, Weirdness & Mutations

You reflexively headbutt those who attack you in melee.
You have a pair of horns on your head.
You are partially covered in rugged brown scales. (AC +1, +3% HP)
Your flesh is cold resistant. (rC+)
Your system is resistant to poisons. (rPois)


Message History

Your adder bites the jackal.
The jackal misses your adder.
Casting: Sticks to Snakes (safe; 24% risk of failure)
Confirm with . or Enter, or press ? or * to list all spells.
You create a snake!
You now have 50 arrows.
The centaur shoots an arrow.
The arrow hits your adder!
Your adder dies!
Casting: Sticks to Snakes (safe; 24% risk of failure)
Confirm with . or Enter, or press ? or * to list all spells.
You create a snake!
You now have 49 arrows.
The jackal bites you but does no damage.
Your adder misses the jackal. The jackal bites you.
It was a potion of mutation.
You feel extremely strange.
You feel resistant to poisons.
Rugged brown scales grow over part of your body.
You feel resistant to cold.
Your adder closely misses the jackal.
The jackal bites you but does no damage. x2
Casting: Sticks to Snakes (safe; 24% risk of failure)
Confirm with . or Enter, or press ? or * to list all spells.
Okay, then.
Unknown command.
You hit the jackal. Your kick misses the jackal.
The jackal is severely wounded.
Your adder closely misses the jackal.
The jackal barely misses you. x2
You hit the jackal but do no damage. Your kick misses the jackal.
The jackal is severely wounded.
The jackal bites you.
Your adder barely misses the jackal.
You hit the jackal but do no damage. You punch the jackal, but do no damage.
The jackal is severely wounded.
Your adder barely misses the jackal.
The orc priest miscasts a cantrip.
The jackal bites you but does no damage. x2
Your adder bites the jackal but does no damage.
You hit the jackal.
You kill the jackal!
Okawaru accepts your kill. The jackal misses you.
Your adder barely misses the jackal.
You miss the leopard gecko. Your kick misses the leopard gecko.
Your talons disappear.
The leopard gecko barely misses you. You furiously retaliate!
You headbutt the leopard gecko!
You kill the leopard gecko!
Okawaru accepts your kill. The jackal closely misses you.
Your adder barely misses the jackal.
You closely miss the jackal. You punch the jackal.
The jackal is lightly wounded.
The jackal barely misses you.
The jackal bites you but does no damage.
Your adder bites the jackal but does no damage.
The jackal bites you but does no damage.
Casting: Sticks to Snakes (safe; 24% risk of failure)
Confirm with . or Enter, or press ? or * to list all spells.
Your feet morph into talons.
Your transformation is almost over.
The jackal misses you. You furiously retaliate!
You headbutt the jackal!
You kill the jackal!
Okawaru accepts your kill. The jackal misses you.
The centaur unwields a +0 shortbow.
The centaur closely misses your adder.
You miss the jackal.
The jackal is lightly wounded.
The jackal bites you but does no damage.
Your adder bites the jackal.
The jackal is poisoned.
Your adder poisons the jackal!
The centaur wields a +0 shortbow.
The centaur shoots an arrow.
The arrow hits your adder!
You punch the jackal!
You kill the jackal!
Okawaru accepts your kill.
The centaur shoots an arrow.
The arrow hits your adder!
Your adder dies!
The centaur unwields a +0 shortbow.
The centaur hits you but does no damage.
The orc priest calls down the wrath of Beogh upon you.
Beogh smites you!
Things that are here:
6 arrows; a jackal corpse You hit the centaur.
You headbutt the centaur!
The centaur is severely wounded.
The centaur hits you.
Your ball python closely misses the orc priest.
Your ball python barely misses the orc priest.
The centaur hits you.
* * * LOW HITPOINT WARNING * * *
The orc priest barely misses you.
The orc priest closely misses your ball python.
You swap places.
Your ball python barely misses the centaur.
The centaur wields a +0 shortbow.
The centaur shoots an arrow.
The arrow hits your ball python!
Your ball python dies!
As you read the scroll labeled KAILAC ESCHOUCY, it crumbles to dust.
The scroll dissolves into smoke.
It was a scroll of fog.
The orc priest misses you.
The centaur shoots an arrow.
The arrow hits you!
* * * LOW HITPOINT WARNING * * *
The orc priest miscasts a cantrip.
The centaur shoots an arrow.
The arrow closely misses you.
You see here an arrow.
Your talons disappear.
The centaur shoots an arrow.
The arrow hits you!
You die...

......##.#.#
..#######...## ..#######
###..# #.......## ##.#
#######..#######.######..#
..............÷..........#
#
##.#####.#######.#######.#
... .§§#..### #.##
.....###§##@..####..###
......§§§c....(.......#
......§§##..####.#....#
......§§..........#######
......####............<.#
...... #.......########
..<..# ######### .....
.....


You could see a centaur.

Vanquished Creatures
  An ogre (D:4)
  A big kobold (Sewer)
  An orc priest (D:3)
  An orc wizard (D:3)
  2 centaur skeletons
  A worker ant (D:4)
  Terence (D:2)
  2 hound skeletons
  5 adders
  2 river rats (Sewer)
  A shadow imp (D:5)
  An ooze (D:2)
  2 worms
  6 dart slugs
  3 leopard geckos
  11 orcs
  A ball python (D:4)
  7 giant cockroaches
  5 goblins
  7 hobgoblins
  21 jackals
  13 kobolds
  8 bats
  9 frilled lizards
  A leopard gecko skeleton (D:4)
  A leopard gecko zombie (D:4)
  5 rats
119 creatures vanquished.

Notes
Turn   | Place    | Note
-------+----------+-------------------------------------------
     0 | D:1      | sankara the Minotaur Transmuter began the quest for the
                  | Orb.
     0 | D:1      | Reached XP level 1. HP: 16/16 MP: 1/1
   427 | D:1      | Reached XP level 2. HP: 17/23 MP: 0/3
   433 | D:1      | Learned a level 2 spell: Sticks to Snakes
   788 | D:2      | Reached skill level 4 in Unarmed Combat
   788 | D:2      | Reached skill level 2 in Transmutations
   815 | D:2      | Reached XP level 3. HP: 27/28 MP: 0/4
   966 | D:2      | Reached skill level 1 in Armour
  1434 | D:2      | Noticed Terence
  1459 | D:2      | Killed Terence
  1459 | D:2      | Reached skill level 2 in Fighting
  1459 | D:2      | Reached XP level 4. HP: 36/36 MP: 2/5
  1654 | D:3      | Noticed Grinder
  1891 | D:3      | HP: 9/37 [orc priest/+0 mace (7)]
  1892 | D:3      | Reached skill level 2 in Armour
  1892 | D:3      | Reached skill level 5 in Unarmed Combat
  1892 | D:3      | Reached XP level 5. HP: 10/42 MP: 1/6
  3287 | D:4      | Noticed an ogre
  3302 | D:4      | Killed an ogre
  3302 | D:4      | Reached skill level 3 in Fighting
  3302 | D:4      | Reached XP level 6. HP: 29/51 MP: 3/7
  3319 | D:4      | Found a glowing drain.
  3361 | Sewer    | Entered a sewer
  3681 | Sewer    | Reached skill level 3 in Armour
  3681 | Sewer    | Reached skill level 6 in Unarmed Combat
  3681 | Sewer    | Reached skill level 3 in Transmutations
  3833 | Sewer    | Found a white marble altar of Elyvilon.
  4398 | D:4      | Found a runed translucent door.
  4400 | D:4      | Noticed vurker's ghost (novice OpAE)
  4560 | D:4      | Noticed Menkaure
  4937 | D:5      | Entered Level 5 of the Dungeon
  4963 | D:5      | Reached XP level 7. HP: 51/57 MP: 8/8
  5000 | D:5      | Found a staircase to the Ecumenical Temple.
  5022 | D:5      | Got a steaming chain mail
  5025 | Temple   | Entered the Ecumenical Temple
  5033 | Temple   | Became a worshipper of Warmaster Okawaru
  5044 | Temple   | Identified the cursed +0 chain mail "Nuunilor" {rElec rN+
                  | SInv} (You found it on level 5 of the Dungeon)
  5153 | D:5      | Gained mutation: Your system is resistant to poisons.
                  | (rPois) [potion of mutation]
  5153 | D:5      | Gained mutation: You are partially covered in rugged brown
                  | scales. (AC +1, +3% HP) [potion of mutation]
  5153 | D:5      | Gained mutation: Your flesh is cold resistant. (rC+)
                  | [potion of mutation]
  5166 | D:5      | HP: 7/58 [centaur/arrow (10)]
  5169 | D:5      | Shot with an arrow by a centaur

Levels and vault maps discovered:
D:1:      saegor_arrival_simple_c, layout_rooms, minmay_stone_trees_medium,
          chequers_serial_rivers_small_3, hex_large
D:2:      minmay_general_purpose_star, layout_basic, uniq_terence
D:3:      layout_basic, uniq_grinder
D:4:      layout_basic, first_ration, ebering_ghost_sewer_d,
          cheibrodos_sewer_entry_sluice, uniq_menkaure
D:5:      layout_rooms, minmay_temple_entry_large_hall, basic_altar,
          serial_shops, shop
Temple:   nicolae_temple_no_exploring_needed

Skill      XL: |  1  2  3  4  5  6 |
---------------+-------------------+-----
Unarmed Combat | 4 5 6 |  6.6
Transmutations | 2 3 |  3.3
Armour         | 1 2 3 |  3.3
Fighting       | 2 3 |  3.2
Dodging        | |  2.1
Spellcasting   | |  1.3

Action                   |  1- 3 |  4- 6 |  7- 9 || total
-------------------------+-------+-------+-------++-------
Melee: Unarmed           |    90 |   179 |    23 ||   292
       Headbutt          |     5 |    23 |     4 ||    32
       Kick              |    10 |    50 |     3 ||    63
       Punch             |       |     4 |     2 ||     6
Throw: Stone             |    19 |     2 |     2 ||    23
 Cast: Beastly Appendage |    19 |    40 |     3 ||    62
       Sticks to Snakes  |       |     3 |     3 ||     6
  Use: Potion            |     2 |     1 |     1 ||     4
       Scroll            |       |     6 |     2 ||     8
  Eat: Chunk             |     2 |    14 |     1 ||    17
Armor: Robe              |     7 |       |       ||     7
       Leather armour    |    13 |    38 |       ||    51
       Scale mail        |       |     6 |     5 ||    11
       Ring mail         |       |       |     9 ||     9
       Chain mail        |       |       |     1 ||     1
Dodge: Dodged            |    53 |    91 |    16 ||   160

Table legend:
 A = Non-vault XP
 B = Vault XP
 C = Vault XP percentage of total XP
 D = Non-vault monster count
 E = Vault monster count
 F = Vault count percentage of total count
                 A         B        C        D         E       F
            +---------+---------+-------+---------+---------+-------
      Total |     601 |     196 |  24.6 |     102 |      17 |  14.3
            +---------+---------+-------+---------+---------+-------
        D:1 |      19 |       0 |   0.0 |      14 |       0 |   0.0
        D:2 |      63 |      50 |  44.2 |      21 |       5 |  19.2
        D:3 |     132 |       0 |   0.0 |      23 |       0 |   0.0
        D:4 |     295 |       7 |   2.3 |      29 |       2 |   6.5
        D:5 |      92 |       0 |   0.0 |      15 |       0 |   0.0
      Sewer |       0 |     139 | 100.0 |       0 |      10 | 100.0
            +---------+---------+-------+---------+---------+-------

Levels and vault maps discovered:
D:1:      saegor_arrival_simple_c, layout_rooms, minmay_stone_trees_medium,
          chequers_serial_rivers_small_3, hex_large
D:2:      minmay_general_purpose_star, layout_basic, uniq_terence
D:3:      layout_basic, uniq_grinder
D:4:      layout_basic, first_ration, ebering_ghost_sewer_d,
          cheibrodos_sewer_entry_sluice, uniq_menkaure
D:5:      layout_rooms, minmay_temple_entry_large_hall, basic_altar,
          serial_shops, shop
Temple:   nicolae_temple_no_exploring_needed

Table legend:
 A = Turns spent in this place as a percentage of turns spent in the entire game.
 B = Non-inter-level travel turns spent in this place as a percentage of non-inter-level travel turns spent in the entire game.
 C = Inter-level travel turns spent in this place as a percentage of turns spent in this place.
 D = Turns resting spent in this place as a percentage of non-inter-level travel turns spent in this place.
 E = Turns spent auto-exploring this place as a percentage of non-inter-level travel turns spent in this place.
 F = Non-inter-level travel turns spent in this place divided by the number of levels of this place that you've seen.
                   A       B       C       D       E      F
               +-------+-------+-------+-------+-------+----------------------
         Total | 100.0 | 100.0 |   4.7 |  22.8 |  46.1 | 703.4
       Dungeon |  89.1 |  88.7 |   5.2 |  19.5 |  49.0 | 874.0
        Temple |   0.5 |   0.4 |  25.0 |   0.0 |   0.0 |  21.0
         Sewer |  10.3 |  10.8 |   0.0 |  51.4 |  24.6 | 533.0
               +-------+-------+-------+-------+-------+----------------------

Table legend:
 A = Kills in this place as a percentage of kills in entire the game.
 B = Kills by you in this place as a percentage of kills by you in the entire game.
 C = Kills by friends in this place as a percentage of kills by friends in the entire game.
 D = Other kills in this place as a percentage of other kills in the entire game.
 E = Experience gained in this place as a percentage of experience gained in the entire game.
 F = Experience gained in this place divided by the number of levels of this place that you have seen.
                   A       B       C       D       E      F
               +-------+-------+-------+-------+-------+----------------------
         Total | 100.0 | 100.0 |   N/A |   N/A | 100.0 | 113.9
       Dungeon |  91.6 |  91.6 |   N/A |   N/A |  82.6 | 131.6
         Sewer |   8.4 |   8.4 |   N/A |   N/A |  17.4 | 139.0
               +-------+-------+-------+-------+-------+----------------------
